 Dungeon Crawl Stone Soup version 0.18-a0-1497-g788d838 (webtiles) character file.

105 GrosslyIncandescent the Insei (level 4, -17/35 HPs)
             Began as a Mummy Monk on Mar 4, 2016.
             Killed from afar by an orc wizard (18 damage)
             ... with a puff of flame
             ... on level 2 of the Dungeon.
             The game lasted 00:03:51 (3293 turns).

GrosslyIncandescent the Insei (Mummy Monk)          Turns: 3293, Time: 00:03:51

Health: -17/35     AC:  3    Str: 14    XL:     4   Next: 53%
Magic:  4/4        EV: 13    Int: 11    God:
Gold:   84         SH:  0    Dex: 15    Spells: 0 memorised, 3 levels left

rFire  x . .     SeeInvis .       - Unarmed
rCold  + . .     Gourm    .     (no armour)
rNeg   + + +     Faith    .     (no shield)
rPois  ∞         Spirit   .     (no helmet)
rElec  .         Dismiss  .     b - +2 cloak
rCorr  .         Reflect  .     (no gloves)
SustAt .         Harm     .     (no boots)
MR     .....                    (no amulet)
Stlth  +.........               (no ring)
                                g - +2 ring of intelligence

@: confused, not resistant to hostile enchantments, very unstealthy
A: no food or potions, fire vulnerability, cold resistance 1, negative energy
resistance 3, torment resistance, unbreathing
a: no special abilities


You were on level 2 of the Dungeon.
You were not hungry.

You visited 1 branch of the dungeon, and saw 3 of its levels.

You collected 84 gold pieces.


Innate Abilities, Weirdness & Mutations

You do not eat or drink.
Your flesh is vulnerable to fire.
You are immune to poison.
Your flesh is cold resistant.
You are immune to negative energy.
You are immune to unholy pain and torment.
You can survive without breathing.


   Skills:
 - Level 3.4 Fighting
 - Level 2.7 Dodging
 + Level 2.7 Stealth
 + Level 4.0 Unarmed Combat


You had 3 spell levels left.
You didn't know any spells.

Inventory:

Armour
 b - a +2 cloak (worn)
Jewellery
 g - a +2 ring of intelligence (left hand)
Scrolls
 a - 2 scrolls of remove curse {unknown}
 c - 2 scrolls of teleportation {unknown}
 d - 2 scrolls of identify {unknown}
 e - 2 scrolls of blinking {unknown}
 f - 3 scrolls of recharging {unknown}

Dungeon Overview and Level Annotations

Branches:
Dungeon (3/15)

Altars:
Dithmenos
Nemelex Xobeh
Trog
Xom

▒....▒▒▒..▒.▒.....▒▒.▒.▒.▒▒▒.▒▒
▒▒▒▒.▒ ▒..).......▒▒.▒.▒.▒▒▒▒▒▒▒▒
▒▒.▒▒▒.............▒.▒.▒▒......
▒.............(.▒▒...▒.▒▒▒▒▒▒..
▒▒▒▒.▒▒▒▒▒..▒..........▒.▒▒......
.....▒ ▒.▒▒%....)..▒.▒..▒.▒▒▒..
▒▒▒▒▒▒ ▒.▒▒...▒.▒▒........▒ ▒..
▒▒▒▒▒▒▒▒▒▒.▒▒..........▒..▒▒▒▒▒..
...............▒M{▒..............
▒▒▒▒▒▒▒▒▒▒.▒▒▒▒▒r>▒....▒▒..▒.▒...
▒.▒▒▒▒▒▒▒▒........▒†▒.▒▒
▒...................▒.▒.
▒▒▒▒▒▒▒▒▒▒▒▒▒.▒▒..▒.▒.▒▒
▒.▒▒..▒▒▒.▒ ▒.▒▒..▒ ▒.▒
▒.▒▒..▒▒▒.▒ ▒.........▒


You could see a quokka.


Message History

The quokka closely misses you!
You closely miss the orc wizard!
The orc wizard is severely wounded!
The orc wizard barely misses you! The quokka barely misses you!
You squash the orc wizard like an ant!
The orc wizard is almost dead!
The orc wizard casts a spell at you!
You are confused!
The quokka barely misses you!
You closely miss the orc wizard!
The orc wizard is almost dead!
The orc wizard casts a spell!
The orc wizard flickers and vanishes!!!
The quokka closely misses you!
You bump into the rock wall!
The quokka bites you! * * * don't die
* * * Something hits you! * * * don't die
* * * You're too confused to move!!!
The quokka bites you! * * * don't die
* * * You hear some strange, mumbled words!
A magic dart appears from out of thin air!!!
The magic dart hits you!!! * * * don't die
* * * The quokka misses you!
You hear some strange, mumbled words!
A puff of flame appears from out of thin air!!!
The puff of flame hits you!!! The fire burns you terribly!!!
DANG rip

Action                   |  1- 3 |  4- 6 || total
-------------------------+-------+-------++-------
Melee: Unarmed           |   163 |    84 ||   247
 Stab: Sleeping          |     5 |     3 ||     8
       Distracted        |     1 |       ||     1

Vault maps used:
D:1:      onia_arrival_pentagram, nemelex_deck
D:2:      lemuel_round_altar, lemuel_crystal_altar, item_on_display_a
D:3:      lemuel_doored_altar, serial_forest, infiniplex_forest_3_way,
          infiniplex_forest_end_1, infiniplex_forest_clump_diagonal,
          infiniplex_forest_straight_2, infiniplex_forest_pool,
          infiniplex_forest_end_2, infiniplex_forest_lined_3,
          infiniplex_forest_corner_1, uniq_sigmund

Notes
Turn   | Place    | Note
--------------------------------------------------------------
     0 | D:1      | GrosslyIncandescent the Mummy Monk began the quest for the Orb.
     0 | D:1      | Reached XP level 1. HP: 18/18 MP: 1/1
    14 | D:1      | I am not pure enough
    14 | D:1      | I am cleansed
   371 | D:1      | Found a sparkling altar of Nemelex Xobeh.
   388 | D:1      | Reached XP level 2. HP: 24/24 MP: 2/2
   877 | D:2      | Reached skill level 2 in Stealth
   877 | D:2      | Reached XP level 3. HP: 24/29 MP: 3/3
  1105 | D:2      | Found a shimmering altar of Xom.
  1149 | D:2      | Found a bloodstained altar of Trog.
  1932 | D:2      | Reached XP level 4. HP: 28/35 MP: 4/4
  2137 | D:3      | Found a shadowy altar of Dithmenos.
  2202 | D:3      | Reached skill level 4 in Unarmed Combat
  3292 | D:2      | HP: 1/35 [something/magic dart (7)]
  3293 | D:2      | Killed from afar by an orc wizard

Vanquished Creatures
  3 adders (D:2)
  3 worms (D:3)
  2 dart slugs
  A giant gecko (D:3)
  6 orcs
  A giant cockroach (D:1)
  5 goblins
  6 hobgoblins
  5 jackals
  2 quokkas (D:3)
  7 bats
  4 giant newts
  6 kobolds
  8 rats
59 creatures vanquished.
